 Dungeon Crawl Stone Soup version 0.27.1-3-gb3d3a73c9e (webtiles) character file.

Game seed: 12871232293548083102

73 Eitelfritz the Slasher (level 4, -2/33 HPs)
             Began as a Demonspawn Gladiator on Oct 22, 2021.
             Splashed by a jelly's acid (3 damage)
             ... on level 2 of the Dungeon.
             The game lasted 00:02:50 (1935 turns).

Eitelfritz the Slasher (Demonspawn Gladiator)       Turns: 1935, Time: 00:02:51

Health: -2/33      AC: -4    Str: 15    XL:     4   Next: 8%
Magic:  4/4        EV: 12    Int:  9    God:
Gold:   59         SH:  5    Dex: 15    Spells: 3/3 levels left

rFire    . . .     SeeInvis .   a - +0 long sword
rCold    . . .     Faith    .   (no shield)
rNeg     . . .     Spirit   .   b - +0 leather armour
rPois    .         Reflect  +   (helmet restricted)
rElec    .         Harm     .   (no cloak)
rCorr    .         Rampage  .   (no gloves)
Will     .....                  (no boots)
Stlth    +.........             e - amulet of reflection
HPRegen  0.11/turn              (no ring)
MPRegen  0.09/turn              (no ring)

@: corroded
A: antennae 1
a: no special abilities


You were on level 2 of the Dungeon.
You visited 1 branch of the dungeon, and saw 2 of its levels.

You collected 59 gold pieces.

Inventory:

Hand Weapons
 a - a +0 long sword (weapon)
Missiles
 d - 3 throwing nets
 i - 2 boomerangs (quivered)
Armour
 b - a +0 leather armour (worn)
Jewellery
 e - an amulet of reflection (around neck)
Potions
 c - a potion of flight {unknown}
 f - a potion of brilliance {unknown}
 g - 2 potions of attraction {unknown}
 h - a potion of berserk rage {unknown}
 j - a potion of curing {unknown}
 k - 2 potions of heal wounds {unknown}


   Skills:
 + Level 2.2 Fighting
 + Level 3.6 Long Blades
 + Level 1.8 Throwing
 + Level 1.1 Armour
 + Level 3.2 Dodging
 + Level 0.1 Shields


You had 3 spell levels left.
You didn't know any spells.
Your spell library was empty.

Dungeon Overview and Level Annotations

Branches:
Dungeon (2/15)

Altars:
Ru


Innate Abilities, Weirdness & Mutations

You have a pair of small antennae on your head.


Message History

You kill the adder!
The kobold throws a stone.
You reflect the stone off an invisible shield around you!
The stone hits the kobold.
Your Armour skill increases to level 1!
You have reached level 4!
You feel agile.
You hit the kobold.
You kill the kobold!
Items here: ( ) ††.
Found 11 gold pieces.
Found a robe.
You now have 44 gold pieces (gained 11).
Found 15 gold pieces.
You now have 59 gold pieces (gained 15).
A jelly comes into view.
The jelly quivers.
Throw: 2 boomerangs
Press: ? - help, Q - select action, (/) - cycle Shift-Dir - straight line, f - jelly
Aim: a jelly (89% to hit)
You throw a boomerang. The boomerang hits the jelly!
The jelly is moderately wounded.
You barely miss the jelly.
The jelly is moderately wounded.
The jelly hits you but does no damage.
You hit the jelly.
Your hands burn!
The jelly is heavily wounded.
The jelly hits you. The acid corrodes you!
You are splashed with acid!
You hit the jelly.
Your hands burn!
The jelly is almost dead.
You block the jelly's attack. The jelly hits you.
You are splashed with acid!
* * * LOW HITPOINT WARNING * * *
Unknown command.
You hit the jelly. The acid corrodes you!
Your hands burn!
* * * LOW HITPOINT WARNING * * *
The jelly is almost dead.
The jelly misses you.
You riposte.
You barely miss the jelly.
The jelly is almost dead.
You hit the jelly.
Your hands burn!
You die...

...# ...# .... ...#
... ...# ...#####.#
...# ...... . ...#
#.... . ...# ...#.#
..[# #J.#.# ####
#@...# ..# ###....#
#.# #######....#..#
#.#### #..........#
.... #....#
#.####..#..# ...
####.###.###..##..#
#.
####..#.............
...##....#....##...#.
............###...##
.


You could see a jelly.

Vanquished Creatures
  A gnoll (D:1)
  2 adders (D:2)
  A dart slug (D:1)
  3 orcs (D:2)
  2 ball pythons (D:1)
  3 bats (D:1)
  3 endoplasms (D:1)
  A giant cockroach (D:2)
  2 goblins (D:1)
  5 hobgoblins
  4 jackals (D:2)
  2 quokkas (D:1)
  A frilled lizard (D:1)
  4 kobolds
  2 rats (D:1)
36 creatures vanquished.

Notes
Turn   | Place    | Note
-------+----------+-------------------------------------------
     0 | D:1      | Eitelfritz the Demonspawn Gladiator began the quest for the
                  | Orb.
     0 | D:1      | Reached XP level 1. HP: 16/16 MP: 1/1
   323 | D:1      | Gained mutation: You have a pair of small antennae on your
                  | head. [demonic ancestry]
   323 | D:1      | Reached XP level 2. HP: 1/22 MP: 2/2
   848 | D:1      | Found a faded altar of an unknown god.
   971 | D:1      | Reached XP level 3. HP: 27/27 MP: 3/3
  1694 | D:2      | Found a sacrificial altar of Ru.
  1698 | D:2      | Reached skill level 1 in Armour
  1698 | D:2      | Reached XP level 4. HP: 14/33 MP: 4/4
  1934 | D:2      | HP: 1/33 [acid (2)]
  1935 | D:2      | Splashed by a jelly's acid

Illustrated notes

Levels and vault maps discovered:
D:1:      nzn_arrival_crosshair, layout_basic,
          hellmonk_ecumenical_altar_heavens_door
D:2:      layout_rooms, basic_altar, glass_columns_b, uniq_natasha, uniq_jessica

Skill      XL: |  1  2  3 |
---------------+----------+-----
Long Blades    | 3 |  3.6
Dodging        | 3 |  3.2
Armour         | 1 |  1.1
Fighting       | |  2.2
Throwing       | |  1.8
Shields        | |  0.1

Action                   |  1- 3 |  4- 6 || total
-------------------------+-------+-------++-------
Melee: Long sword        |    88 |     6 ||    94
Throw: Boomerang         |       |     1 ||     1
Armor: Leather armour    |    20 |     1 ||    21
Dodge: Dodged            |    67 |     1 ||    68
Block: Other             |    22 |     1 ||    23
       Reflection        |     2 |       ||     2
       Rpst.: Long sword |    31 |     1 ||    32
